Map: Nightscape LE

Players

Massa

  • Race: Terran Terran
  • League: Platinum
  • Spawn Location: 7:00

qqq

  • Race: Zerg Zerg
  • Spawn Location: 7:00

Reblochon

  • Race: Protoss Protoss
  • Spawn Location: 1:00

MAROILLES

  • Race: Terran Terran
  • League: Gold
  • Spawn Location: 1:00

VOD

Have the link to the VOD?

Description

Time

  • Played on: Oct. 19, 2020, 3:12 p.m.
  • Length: 17:19
Show
View Real Time Build Order
Export as new Build Order

Massa Terran 

Build Orders:  

Get SALT Encoding   

  12  0:00  SCV  
  13  0:12  SCV  
  14  0:22  Supply Depot  
  14  0:24  SCV  
  15  0:39  Refinery  
  15  0:43  SCV  
  15  0:44  Barracks  
  16  0:55  SCV  
  17  1:08  SCV  
  18  1:34  Orbital Command  
  18  1:36  Refinery, Reaper  
  19  1:59  SCV  
  20  2:07  Factory, Marine  
  21  2:33  Barracks Reactor  
  21  2:35  SCV  
  22  2:42  Command Center  
  22  2:47  SCV  
  22  2:50  Supply Depot  
  23  3:07  Supply Depot  
  23  3:08  Engineering Bay  
  23  3:11  SCV, Marine  
  23  3:12  Marine  
  26  3:35  Starport  
  26  3:37  Hellion x2  
  30  3:50  Barracks Tech Lab  
  30  3:57  Barracks  
  30  3:58  Hellion  
  30  3:59  Hellion  
  30  4:02  Orbital Command  
  34  4:18  Medivac  
  34  4:20  SCV, Hellion x2  
  41  4:50  Barracks Reactor  
  41  4:51  Marauder  
  41  4:52  Widow Mine  
  47  4:53  Widow Mine  
  47  5:13  Marauder  
  47  5:14  Widow Mine x2  
  53  5:23  SCV  
  54  5:29  SCV  
  54  5:34  Marauder  
  54  5:36  SCV  
  54  5:41  SCV  
  48  5:48  SCV  
  47  5:52  Viking  
  47  5:53  SCV  
  47  5:55  Marine  
  47  5:56  Widow Mine x2  
  54  6:01  Missile Turret  
  54  6:04  Missile Turret  
  54  6:06  Missile Turret  
  54  6:27  Missile Turret  
  54  6:37  Marine  
  54  6:47  Orbital Command  
  54  6:52  Widow Mine  
  54  7:06  Supply Depot  
  54  7:08  Supply Depot  
  54  7:09  Supply Depot  
  54  7:11  Supply Depot  
  54  7:30  Marauder  
  54  7:31  Widow Mine, Marine x2, Viking  
  60  7:40  SCV x2  
  62  7:50  Missile Turret  
  62  7:52  SCV  
  62  7:53  SCV  
  64  8:00  Refinery  
  64  8:01  Viking  
  64  8:02  Refinery  
  66  8:11  Missile Turret  
  62  8:26  Widow Mine x2  
  60  8:32  Missile Turret  
  60  8:43  Stimpack  
  60  8:47  Widow Mine  
  62  8:51  Marauder, Marine x2  
  62  8:53  Missile Turret  
  62  8:55  Widow Mine  
  68  9:05  Command Center  
  68  9:08  Widow Mine  
  70  9:32  Marine  
  70  9:33  SCV  
  70  9:34  SCV, Marine  
  70  9:35  Marine  
  70  10:08  Supply Depot  
  70  10:09  Supply Depot  
  70  10:16  SCV x2, Marine x2  
  70  10:17  Widow Mine x2, Marauder  
  80  10:28  SCV, Combat Shield  
  80  10:32  Supply Depot  
  80  10:34  Marine x2, Supply Depot  
  83  10:38  Marauder  
  85  10:49  Barracks  
  85  10:51  Widow Mine x2  
  85  10:52  Marine x2  
  85  10:55  Barracks  
  85  10:56  Supply Depot  
  91  10:59  Marauder  
  93  11:09  Marine x2  
  95  11:12  Widow Mine x2  
  99  11:20  Marine  
  100  11:27  Marine x2  
  102  11:33  Widow Mine  
  102  11:34  Widow Mine  
  102  11:38  Marine  
  107  11:42  Barracks  
  107  11:47  Concussive Shells  
  100  11:56  Marine  
  100  11:57  Marine x2  
  100  11:59  Barracks Reactor  
  104  12:03  Barracks Tech Lab  
  104  12:06  Starport Reactor  
  103  12:14  Marauder, Marine x2  
  93  12:47  Supply Depot x2  
  93  12:48  Supply Depot  
  93  12:50  Supply Depot  
  93  12:51  Supply Depot  
  93  12:52  Supply Depot  
  93  12:54  Missile Turret  
  93  12:56  Missile Turret  
  93  12:57  Starport  
  93  12:59  Missile Turret  
  93  13:09  Marauder, Marine x2, Viking x2  
  93  13:11  Supply Depot  
  93  13:12  Supply Depot x2  
  101  13:15  Supply Depot  
  101  13:17  Missile Turret, Supply Depot  
  101  13:19  Supply Depot  
  101  13:20  Missile Turret  
  101  13:23  Missile Turret  
  101  13:26  SCV x2, Armory  
  101  13:27  Marine  
  104  13:29  Orbital Command  
  104  13:31  Marauder  
  106  13:35  Supply Depot  
  106  13:37  Supply Depot  
  106  13:38  SCV x2  
  108  13:45  Missile Turret  
  108  13:46  Missile Turret  
  108  13:52  Marauder  
  110  14:06  Missile Turret  
  110  14:07  Missile Turret  
  110  14:15  Marine x4  
  110  14:16  Marauder x2  
  118  14:28  Barracks  
  118  14:29  Missile Turret  
  118  14:30  Missile Turret  
  118  14:32  Factory Tech Lab, Marine  
  118  14:33  Marine x3  
  118  14:37  Marauder x2  
  114  14:50  Marine x2  
  116  14:58  Marauder  
  116  14:59  Marauder  
  91  15:05  Marine  
  91  15:06  Marine  
  65  15:08  Marine x2  
  65  15:10  Thor  
  65  15:13  Barracks Reactor  
  73  15:14  Marine  
  73  15:15  Marine  
  73  15:19  Marine x2  
  77  15:21  SCV x2  
  77  15:23  Marine x2  
  77  15:26  Marine x2  
  83  15:32  Marine  
  84  15:37  Marine x2  
  84  15:38  Factory  
  84  15:41  Marine x2  
  88  15:44  Marine x2  
  88  15:49  Smart Servos  
  90  15:53  Thor  
  90  15:55  Marine x2  
  98  15:59  Marine x2  
  100  16:12  Factory  
  100  16:13  Marauder  
  102  16:19  Factory  
  102  16:30  Viking  
  102  16:31  Viking  
  106  16:36  Thor  
  109  16:58  Marine x2  
  109  16:59  Marine x3  
  116  17:01  Factory Tech Lab x2  
Show
View Real Time Build Order
Export as new Build Order

qqq Zerg 

Build Orders: Hatch First 

Get SALT Encoding   

  12  0:01  Drone  
  13  0:08  Drone  
  14  0:39  Hatchery  
  13  0:47  Drone  
  14  0:55  Spawning Pool  
  13  1:06  Overlord  
  13  1:20  Drone  
  13  1:21  Overlord  
  13  1:22  Extractor  
  13  1:24  Drone  
  14  1:31  Drone  
  15  1:42  Zergling x2  
  16  2:25  Zergling x6  
  16  2:26  Queen  
  16  2:28  Drone  
  22  2:35  Drone  
  22  2:36  Drone  
  24  2:42  Drone  
  24  2:43  Drone  
  26  2:49  Drone  
  26  2:50  Drone  
  28  2:59  Metabolic Boost  
  28  3:02  Zergling x2  
  28  3:05  Drone  
  29  3:21  Queen  
  29  3:23  Drone  
  29  3:24  Zergling x2  
  29  3:25  Zergling x4  
  35  3:36  Overlord x2  
  35  3:42  Lair  
  35  3:54  Drone, Roach Warren  
  36  3:55  Zergling x2  
  36  3:57  Zergling x2  
  36  3:59  Drone  
  38  4:03  Zergling x2  
  39  4:11  Zergling x4  
  39  4:12  Drone x2  
  43  4:23  Drone  
  44  4:25  Drone x2  
  44  4:37  Zergling x4  
  44  4:38  Zergling x6  
  45  5:05  Zergling x2  
  45  5:06  Drone, Zergling x4  
  45  5:07  Drone  
  50  5:11  Extractor  
  50  5:12  Glial Reconstitution  
  49  5:17  Roach  
  40  5:51  Hydralisk Den  
  40  5:54  Spore Crawler  
  40  5:56  Spore Crawler  
  37  5:59  Drone x4  
  37  6:00  Drone x2  
  37  6:01  Spore Crawler  
  37  6:03  Drone x6  
  48  6:06  Extractor  
  47  6:14  Drone x3  
  47  6:15  Drone  
  47  6:18  Extractor  
  50  6:20  Hatchery  
  50  6:22  Drone x2  
  50  6:23  Drone x2, Spore Crawler  
  52  6:31  Overlord x2  
  52  6:38  Hatchery  
  52  6:47  Drone  
  52  6:48  Overlord  
  52  7:02  Overlord  
  52  7:04  Drone, Hydralisk x3  
  52  7:05  Hydralisk  
  52  7:07  Muscular Augments  
  61  7:12  Drone x2, Evolution Chamber  
  61  7:13  Evolution Chamber  
  61  7:15  Hydralisk  
  63  7:34  Spire  
  62  7:37  Drone  
  62  7:38  Hydralisk x4  
  62  7:40  Lurker Den  
  62  7:43  Drone  
  71  7:44  Hydralisk  
  71  7:48  Queen  
  71  7:50  Hydralisk  
  77  7:57  Zerg Missile Weapons Level 1  
  77  8:19  Hydralisk, Grooved Spines  
  77  8:20  Hydralisk x4  
  77  8:22  Drone  
  77  8:23  Drone x5  
  93  8:27  Spore Crawler  
  93  8:30  Spore Crawler  
  91  8:36  Hydralisk  
  91  8:37  Hydralisk  
  91  8:39  Overlord x2  
  95  8:45  Lurker  
  95  8:48  Overlord x3  
  96  8:55  Overlord  
  96  8:57  Drone  
  96  8:58  Queen  
  96  9:01  Spore Crawler  
  98  9:07  Spore Crawler  
  98  9:09  Drone, Spore Crawler x2  
  96  9:13  Corruptor  
  96  9:35  Hydralisk x2  
  96  9:36  Hydralisk x4  
  96  9:38  Drone x3  
  109  9:57  Drone x3  
  100  10:05  Corruptor x2  
  96  10:19  Hatchery  
  92  10:23  Drone x3  
  92  10:25  Queen  
  58  10:44  Hydralisk x4  
  58  10:45  Hydralisk  
  58  10:46  Drone  
  58  10:47  Drone x2  
  69  10:59  Corruptor x2  
  69  11:02  Zerg Flyer Armor Level 1  
  71  11:20  Corruptor x2  
  71  11:25  Zergling x4  
  77  11:26  Drone x6  
  77  11:30  Extractor  
  77  11:31  Extractor  
  81  11:35  Corruptor  
  81  11:39  Zergling x4  
  86  11:40  Zergling x6  
  88  11:47  Zergling x8  
  88  11:48  Drone  
  88  11:50  Drone x2  
  95  12:03  Corruptor x2  
  95  12:05  Corruptor  
  95  12:06  Drone  
  95  12:07  Drone  
  103  12:25  Corruptor  
  105  12:32  Corruptor  
  103  12:50  Corruptor  
  101  12:56  Extractor, Zerg Flyer Weapons Level 1  
  96  13:01  Corruptor  
  96  13:03  Drone x3  
  96  13:04  Drone x8  
  96  13:05  Drone  
  104  13:15  Drone  
  105  13:20  Corruptor x2  
  105  13:22  Drone  
  110  13:32  Drone, Queen  
  113  13:34  Hatchery, Spore Crawler  
  113  13:35  Spore Crawler  
  113  13:39  Corruptor x3  
  113  13:40  Zergling x4  
  113  13:41  Zergling x4  
  120  13:45  Drone  
  120  13:46  Extractor  
  120  13:50  Extractor  
  120  13:51  Hydralisk x3  
  125  14:12  Corruptor x2  
  125  14:13  Hydralisk x2  
  125  14:15  Drone x2  
  135  14:22  Overlord x2  
  135  14:23  Overlord x2  
  109  15:11  Drone x4  
  109  15:12  Drone x2, Corruptor x5  
  109  15:13  Corruptor x3  
  93  15:40  Corruptor x3  
  93  15:41  Corruptor  
  93  15:42  Drone x2  
  91  15:52  Drone  
  91  15:53  Corruptor  
  90  16:14  Infestation Pit  
  90  16:17  Spore Crawler x2  
  87  16:19  Spore Crawler  
  87  16:20  Hydralisk x4  
  87  16:21  Hydralisk x3  
  87  16:23  Zergling x4  
Show
View Real Time Build Order
Export as new Build Order

Reblochon Protoss 

Build Orders: Cannon Rush, Carriers 

Get SALT Encoding   

  12  0:00  Probe  
  13  0:12  Probe  
  14  0:18  Pylon  
  14  0:25  Probe  
  15  0:37  Probe (Chrono Boost)  
  15  0:40  Forge  
  16  0:49  Probe (Chrono Boost)  
  17  0:54  Probe (Chrono Boost)  
  18  1:03  Pylon  
  18  1:33  Pylon  
  18  1:43  Probe  
  18  1:45  Photon Cannon  
  18  1:55  Probe  
  18  1:57  Photon Cannon  
  18  1:58  Photon Cannon  
  18  2:00  Pylon  
  19  2:07  Probe  
  19  2:19  Probe  
  20  2:31  Probe  
  20  2:36  Assimilator  
  21  2:39  Pylon  
  21  2:40  Assimilator  
  21  2:43  Probe (Chrono Boost), Gateway  
  22  2:53  Nexus  
  22  2:56  Probe (Chrono Boost)  
  23  3:04  Probe (Chrono Boost)  
  24  3:10  Probe  
  25  3:21  Photon Cannon, Pylon  
  25  3:22  Probe  
  26  3:32  Pylon  
  26  3:34  Probe  
  26  3:38  Cybernetics Core  
  27  3:43  Photon Cannon  
  27  3:46  Probe  
  28  3:55  Assimilator  
  28  3:58  Probe (Chrono Boost)  
  28  4:00  Assimilator  
  29  4:08  Probe (Chrono Boost)  
  31  4:11  Probe (Chrono Boost)  
  31  4:13  Probe (Chrono Boost)  
  32  4:19  Probe, Stargate  
  32  4:23  Stargate  
  33  4:25  Probe  
  33  4:27  Pylon  
  34  4:32  Probe  
  35  4:40  Photon Cannon  
  35  4:41  Photon Cannon  
  34  5:04  Void Ray x2 (Chrono Boost)  
  32  5:08  Probe x2  
  40  5:20  Warp Gate  
  39  6:00  Void Ray  
  39  6:01  Probe  
  40  6:04  Nexus  
  44  6:13  Probe  
  45  6:23  Pylon  
  45  6:36  Void Ray  
  45  6:39  Nexus  
  45  6:40  Probe  
  50  6:52  Probe  
  51  6:59  Fleet Beacon  
  51  7:04  Robotics Facility  
  51  7:05  Pylon  
  51  7:34  Probe x2  
  51  7:36  Void Ray  
  53  7:37  Void Ray  
  61  7:46  Probe x2  
  63  7:52  Flux Vanes  
  63  7:58  Probe  
  63  8:01  Probe  
  65  8:05  Assimilator  
  65  8:10  Assimilator  
  65  8:12  Pylon  
  65  8:13  Probe  
  53  8:25  Probe  
  53  8:26  Probe x2  
  56  8:37  Probe  
  56  8:38  Probe  
  56  8:39  Probe  
  59  8:51  Probe x2, Observer  
  62  9:03  Probe x2  
  62  9:05  Probe  
  65  9:13  Observer  
  65  9:15  Probe x2  
  68  9:17  Probe  
  69  9:25  Carrier  
  69  9:27  Probe x2  
  69  9:30  Probe  
  78  9:39  Probe x2  
  78  9:42  Probe  
  81  9:51  Probe  
  82  9:57  Probe x2  
  84  10:03  Probe  
  85  10:09  Probe x2  
  79  10:15  Probe  
  79  10:20  Carrier  
  70  10:21  Probe x2  
  70  10:27  Probe  
  73  10:29  Carrier  
  73  10:33  Probe  
  80  10:46  Observer  
  80  10:48  Nexus  
  81  10:50  Assimilator  
  81  10:52  Protoss Air Weapons Level 1 (Chrono Boost)  
  81  10:53  Pylon, Cybernetics Core  
  81  10:55  Assimilator  
  81  10:58  Pylon  
  81  11:00  Twilight Council  
  81  11:02  Pylon  
  81  11:04  Pylon  
  81  11:05  Pylon  
  81  11:24  Carrier, Mothership (Chrono Boost)  
  95  11:42  Stargate  
  95  11:44  Stargate  
  95  11:45  Protoss Air Armor Level 1 (Chrono Boost)  
  95  12:01  Probe  
  95  12:13  Probe  
  75  12:36  Void Ray x4 (Chrono Boost)  
  90  12:52  Nexus  
  90  12:56  Assimilator  
  90  13:00  Assimilator  
  90  13:02  Pylon  
  90  13:12  Carrier x2, Protoss Air Weapons Level 2 (Chrono Boost)  
  102  13:15  Nexus  
  102  13:19  Assimilator  
  102  13:21  Void Ray  
  102  13:23  Void Ray  
  102  13:24  Assimilator  
  102  13:26  Pylon  
  110  13:37  Probe x2  
  112  13:49  Probe  
  112  13:50  Probe  
  114  14:02  Probe  
  115  14:12  Probe x2  
  115  14:14  Probe  
  124  14:17  Carrier x2  
  124  14:24  Probe x2  
  132  14:26  Probe  
  133  14:36  Probe x2  
  133  14:38  Probe  
  128  14:48  Probe  
  109  15:44  Carrier x2, Nexus  
  109  15:48  Assimilator  
  121  15:53  Assimilator  
  121  15:55  Pylon, Void Ray  
  125  16:33  Probe x3  
  128  16:45  Probe x3  
  125  16:57  Probe  
Show
View Real Time Build Order
Export as new Build Order

MAROILLES Terran 

Build Orders:  

Get SALT Encoding   

  12  0:01  SCV  
  13  0:13  SCV  
  14  0:25  SCV  
  14  0:26  Supply Depot  
  15  0:38  Refinery  
  15  0:44  Refinery  
  15  0:48  Barracks  
  15  0:52  SCV  
  16  1:04  SCV  
  17  1:16  SCV  
  18  1:28  SCV  
  19  1:39  Supply Depot  
  20  1:40  Reaper, Factory, SCV  
  21  1:52  SCV  
  22  2:02  Barracks  
  22  2:04  SCV  
  23  2:12  Reaper  
  24  2:18  Orbital Command  
  24  2:24  Factory Tech Lab  
  24  2:35  Starport  
  24  2:44  Siege Tank  
  27  2:51  SCV  
  28  3:03  SCV  
  29  3:07  Supply Depot  
  29  3:30  Factory Tech Lab, Fusion Core  
  29  3:44  Marine  
  29  3:46  Marine  
  31  3:52  Supply Depot  
  31  3:55  Command Center  
  34  4:00  SCV  
  34  4:02  Marine  
  36  4:04  Marine  
  37  4:13  SCV  
  35  4:17  Battlecruiser  
  35  4:24  Refinery, Marine x2  
  32  4:48  Siege Tank  
  35  4:58  Marine x2  
  35  5:16  Marine x2  
  37  5:25  Command Center  
  37  5:51  Battlecruiser  
  43  6:06  Marine x2  
  43  6:08  Siege Tank  
  43  6:10  Supply Depot  
  43  6:11  Supply Depot x2  
  48  6:25  Marine x2  
  50  6:27  Starport  
  50  7:35  Battlecruiser  
  56  7:43  SCV  
  57  7:55  SCV  
  58  8:00  Orbital Command  
  58  8:02  Refinery  
  64  8:05  Battlecruiser  
  64  8:07  SCV  
  64  8:10  Command Center  
  65  8:19  Factory Tech Lab, SCV  
  66  8:31  SCV  
  66  8:32  Marine x2  
  69  8:39  Barracks  
  69  8:40  Barracks  
  69  8:47  SCV  
  70  8:49  Marine  
  70  8:50  Marine  
  72  8:56  SCV  
  72  8:59  SCV  
  74  9:08  SCV  
  75  9:11  SCV  
  76  9:20  SCV  
  76  9:23  SCV  
  78  9:32  SCV  
  79  9:51  Battlecruiser x2  
  91  10:18  Marine  
  91  10:19  Marine  
  93  10:22  Siege Tank  
  93  10:25  SCV x3  
  87  10:37  SCV x2  
  77  10:49  SCV x2  
  79  11:01  SCV  
  79  11:02  Engineering Bay  
  80  11:12  Orbital Command  
  80  11:14  Marine x2  
  82  11:25  Siege Tank  
  85  11:32  Marine x2  
  87  11:45  Battlecruiser  
  93  11:49  Marine  
  93  11:50  Marine  
  92  11:57  Siege Tank  
  95  12:07  Marine x2  
  91  12:25  Marine x2  
  91  12:29  Siege Tank  
  96  12:40  Battlecruiser  
  96  12:43  Marine x2  
  104  12:49  Battlecruiser  
  104  12:55  SCV  
  104  12:56  SCV x2  
  89  13:07  SCV  
  89  13:08  SCV x2, Siege Tank  
  89  13:10  Marine  
  89  13:11  Marine x2  
  89  13:12  Barracks Tech Lab  
  99  13:20  SCV x3  
  101  13:28  Marine  
  101  13:29  Marine  
  101  13:32  SCV x3  
  106  13:36  Marine x2  
  108  13:44  SCV x2, Supply Depot  
  108  13:47  Supply Depot  
  109  14:05  SCV x2  
  109  14:06  Battlecruiser  
  109  14:08  SCV, Battlecruiser  
  109  14:09  Marine  
  125  14:17  Marine x3  
  125  14:18  SCV x2, Siege Tank  
  133  14:27  Marine  
  132  14:35  Marine x2  
  134  14:50  Siege Tank  
  127  15:10  Battlecruiser  
  111  15:16  Battlecruiser  
  115  15:22  Marine x4, Siege Tank  
  116  15:39  Marine  
  116  15:40  Marine x3  
  120  15:54  Siege Tank  
  123  15:57  Marine  
  123  15:59  Marine  
  123  16:00  Marine x2  
  109  16:14  Battlecruiser  
  109  16:15  Marine  
  109  16:17  Marine  
  109  16:18  Marine x2  
  117  16:22  SCV x2  
  120  16:33  Marine  
  120  16:34  SCV x2  
  120  16:35  Marine  
  120  16:36  Marine x2  
  126  16:51  Marine  
  126  16:53  Marine x2  
  126  16:54  Marine  
Tags
 
Add a new tag
Caveats
  • Supply blocks, unpowered buildings, or Contaminate may cause inaccurate times.
  • Supply counts are checked every 10 seconds.